 Dungeon Crawl Stone Soup version 0.30.1-4-g462c640d31 (webtiles) character file.

Game seed: 5970983280595934964

45 anacleto the Magician (level 3, -12/19 HPs)
             Began as a Deep Elf Air Elementalist on Aug 19, 2023.
             Killed from afar by Terence (16 damage)
             ... with a bolt of light
             ... on level 2 of the Dungeon.
             The game lasted 00:02:53 (1316 turns).

anacleto the Magician (Deep Elf Air Elementalist)   Turns: 1316, Time: 00:02:54

Health: -12/19     AC:  2    Str:  5    XL:     3   Next: 42%
Magic:  0/10       EV: 12    Int: 21    God:
Gold:   109        SH:  0    Dex: 15    Spells: 3/9 levels left

rFire   . . .        (no weapon)
rCold   . . .        (no shield)
rNeg    . . .        a - +0 robe
rPois   .            (no helmet)
rElec   .            (no cloak)
rCorr   .            (no gloves)
SInv    .            (no boots)
Will    .....        (no amulet)
Stlth   ++           (no ring)
HPRegen 0.23/turn    (no ring)
MPRegen 0.12/turn

%: no passive effects
@: swift, very slightly contaminated, very quick
A: no striking features
a: no special abilities


You were on level 2 of the Dungeon.
You visited 1 branch of the dungeon, and saw 2 of its levels.

You collected 109 gold pieces.

Inventory:

Missiles
 c - 32 stones
 e - 2 poisoned darts
Armour
 a - a +0 robe (worn)
Scrolls
 f - 2 scrolls of identify {unknown}
 g - a scroll of enchant weapon {unknown}
Potions
 b - a potion of magic
 d - a potion of haste {unknown}


   Skills:
 - Level 2.4 Dodging
 - Level 2.4 Stealth
 + Level 3.9 Spellcasting
 + Level 2.3 Conjurations
 + Level 3.5 Air Magic


You had 3 spell levels left.
You knew the following spells:

 Your Spells              Type           Power      Damage    Failure   Level
a - Shock                 Conj/Air       64%        1d7       3%          1
b - Static Discharge      Conj/Air       32%        2-4/arc   5%          2
c - Swiftness             Air            19%        N/A       9%          3

Your spell library contained the following spells:

 Spells                   Type           Power      Damage    Failure   Level
 Foxfire                  Conj/Fire      32%        2x1d5     8%          1
 Airstrike                Air            9%         2d(2-18)  28%         4
 Fireball                 Conj/Fire      4%         3d4       91%         5
 Plasma Beam              Fire/Air       5%         2x1d17    100%        6
 Starburst                Conj/Fire      4%         6d3       100%        6


Dungeon Overview and Level Annotations

Branches:
Dungeon (2/15)

Altars:

Annotations:
D:2 Terence


Message History

Terence the Incautious comes into view.
He is wielding a +0 hand axe and carrying a wand of light (10).
Casting: Shock (safe; 3% risk of failure)
Confirm with . or Enter, or press ? or * to list all spells.
The spell is extremely dangerous to miscast (9% risk of failure)!
Continue anyway?
You feel quick.
Terence shouts!
Casting: Swiftness (extremely dangerous; 9% risk of failure)
Confirm with . or Enter, or press ? or * to list all spells.
You miscast Static Discharge.
You are very lightly contaminated with residual magic.
Nothing appears to happen.
Terence hits you but does no damage.
Casting: Static Discharge (safe; 5% risk of failure)
Confirm with . or Enter, or press ? or * to list all spells.
Terence is struck by an arc of lightning.
Terence is moderately wounded.
You are struck by an arc of lightning.
Terence is struck by an arc of lightning.
Terence is heavily wounded.
The lightning grounds out.
Terence zaps a wand.
The bolt of light misses you.
Casting: Static Discharge (safe; 5% risk of failure)
Confirm with . or Enter, or press ? or * to list all spells.
You miscast Static Discharge.
Nothing appears to happen.
Terence closely misses you.
Casting: Static Discharge (safe; 5% risk of failure)
Confirm with . or Enter, or press ? or * to list all spells.
Aiming: Shock (safe; 3% risk of failure)
Press: ? - help, Shift-Dir - straight line The zap hits Terence.
Terence is heavily wounded.
The zap hits Terence.
Terence is severely wounded.
Terence zaps a wand.
The bolt of light hits you!
Ouch! That really hurt!
* * * LOW HITPOINT WARNING * * *
Casting: Shock (safe; 3% risk of failure)
Confirm with . or Enter, or press ? or * to list all spells.
You don't have enough magic to cast this spell.
Terence zaps a wand.
The bolt of light hits you!
Ouch! That really hurt!
You die...

#.....#....###########
###[#.#..............#
#.#.#...........)..#
#.#.#..............#
#####.#.#..............#
#...#.#.#..............#
##...#.#.####.###########
#....'.#.# #.# #...รท###
#@# ####....# #.#
...>....# #.# #####...#
#....@.#
##################
............#...#
###########.#.#.#
#.......#.#.#.#
#.#####.#.#.#.#


You could see Terence.

Vanquished Creatures
  2 adders (D:2)
  3 bats (D:1)
  4 endoplasms (D:1)
  2 giant cockroaches
  2 goblins (D:1)
  3 hobgoblins
  2 kobolds (D:1)
  A ball python (D:1)
  6 frilled lizards
  A rat (D:1)
26 creatures vanquished.

Notes
Turn   | Place    | Note
-------+----------+-------------------------------------------
     0 | D:1      | anacleto the Deep Elf Air Elementalist began the quest for
                  | the Orb.
     0 | D:1      | Reached XP level 1. HP: 10/10 MP: 6/6
   434 | D:1      | Reached XP level 2. HP: 15/15 MP: 1/8
   437 | D:1      | Learned a level 2 spell: Static Discharge
   975 | D:2      | Reached XP level 3. HP: 19/19 MP: 5/10
  1017 | D:2      | Learned a level 3 spell: Swiftness
  1309 | D:2      | Noticed Terence
  1316 | D:2      | Killed from afar by Terence

Illustrated notes

Levels and vault maps discovered:
D:1:      dpeg_arrival_rhombi, layout_rooms, minmay_pentomino_x4
D:2:      layout_basic, basic_altar, uniq_sigmund, uniq_terence

Skill      XL: |  1  2 |
---------------+-------+-----
Conjurations   | 2 |  2.3
Dodging        | |  2.4
Stealth        | |  2.4
Spellcasting   | |  3.9
Air Magic      | |  3.5

Action                     || total
---------------------------++-------
   Cast: Shock             ||    56
         Static Discharge  ||     2
         Swiftness         ||     1
 Armour: Robe              ||     2
  Dodge: Dodged            ||     5
